 Dungeon Crawl Stone Soup version 0.21.1-1-g345015fe64 (webtiles) character file.

1330 RaHiT the Covert (level 8, -2/56 HPs)
             Began as a Vampire Assassin on Feb 24, 2018.
             Slain by an ogre
             ... wielding a +0 giant club
              (24 damage)
             ... on level 6 of the Dungeon.
             The game lasted 00:26:01 (5501 turns).

RaHiT the Covert (Vampire Assassin)                 Turns: 5501, Time: 00:26:02

Health: -2/56      AC:  4    Str: 12    XL:     8   Next: 34%
Magic:  8/8        EV: 15    Int: 15    God:
Gold:   262        SH:  8    Dex: 16    Spells: 7/7 levels left

rFire    + . .     SeeInvis +   A - +1 dagger (venom)
rCold    + . .     Gourm    .   z - +3 buckler of Gaenutaj {rF+ Str+2}
rNeg     + + .     Faith    .   c - +0 robe
rPois    +         Spirit   .   (no helmet)
rElec    .         Reflect  .   w - +1 cloak
rCorr    .         Harm     .   (no gloves)
MR       .....                  (no boots)
Stlth    +++++.....             G - amulet of magic regeneration
HPRegen  0.09/turn              d - +1 ring of evasion
MPRegen  0.36/turn              (no ring)

@: regenerating slowly
A: fangs 3, see invisible, unbreathing
a: Bat Form


You were on level 6 of the Dungeon.
You were thirsty.

You visited 1 branch of the dungeon, and saw 6 of its levels.

You collected 342 gold pieces.
You spent 80 gold pieces at shops.

Inventory:

Hand Weapons
 a - a +2 dagger
 b - a +0 blowgun
 v - a +4 quarterstaff of chaos
 y - a +1 dagger of draining
 A - a +1 dagger of venom (weapon)
 E - a +0 dagger of flaming
Missiles
 e - 43 poisoned needles
 f - 2 curare-tipped needles
Armour
 c - a +0 robe (worn)
 w - a +1 cloak (worn)
 z - the +3 buckler of Gaenutaj (worn) {rF+ Str+2}
   (You found it on level 5 of the Dungeon)

   It affects your strength (+2).
   It protects you from fire.
Jewellery
 d - a +1 ring of evasion (left hand)
 G - an amulet of magic regeneration (around neck)
Wands
 x - a wand of polymorph (11)
Scrolls
 i - 3 scrolls of fog
 p - a scroll of noise
 q - 3 scrolls of remove curse
 r - 4 scrolls of fear
 s - a scroll of teleportation
 t - 2 scrolls of enchant armour
 C - a scroll of blinking
 D - a scroll of amnesia
Potions
 g - 2 potions of haste
 h - a potion of agility
 j - 5 potions of curing
 k - 9 potions of blood
 l - a potion of mutation
 m - 2 potions of heal wounds
 n - a potion of might
 o - a potion of lignification
 u - 2 potions of flight
 B - a potion of brilliance {unknown}


   Skills:
 - Level 2.0 Fighting
 + Level 4.6 Short Blades
 - Level 3.0 Throwing
 + Level 4.1 Dodging
 + Level 9.9 Stealth
 - Level 5.1 Shields
 + Level 1.2 Evocations


You had 7 spell levels left.
You didn't know any spells.

Dungeon Overview and Level Annotations

Branches:
Dungeon (6/15)
 Temple: D:4-7

Altars:
Ru
The Shining One

Shops:
D:4 %=*(?   D:5 }


Innate Abilities, Weirdness & Mutations

You heal slowly.
You have razor-sharp teeth.
You have supernaturally acute eyesight. (SInv)
You can survive without breathing.


Message History

Wield which item (- for none, * to show all)? (? for menu, Esc to quit)
Your +1 dagger of venom begins to drip with poison!
A - a +1 dagger of venom (weapon)
Things that are here:
a scroll of random uselessness; an uncursed shortbow; 20 arrows
There is a stone staircase leading up here.
You hit the ogre but do no damage.
The ogre looks as sick as possible!
You bite the ogre, but do no damage.
The ogre is moderately wounded.
The ogre hits you with a giant club!!
You closely miss the ogre.
The ogre is moderately wounded.
You hit the ogre.
The ogre is heavily wounded.
The ogre hits you with a giant club.
You hit the ogre.
The ogre looks as sick as possible!
Your bite misses the ogre.
The ogre is heavily wounded.
The ogre hits you with a giant club!!
You die...

..# ### ...#
..# .... #.#
..O.. #.# .....
#.# ....
#.##### #..
#@#...###(#
#O#...(((.#
#####r#..(###.#
#...).(.r## ...
#.###.#### #..#
#. #..# ..# ..
##.# #.# ### .#
.# .# .#


You could see an ogre and a quokka.

Vanquished Creatures
  Menkaure (D:5)
  A sky beast (D:5)
  An ice beast (D:5)
  A phantom (D:4)
  3 centaurs
  The ghost of mhilhors the Changer, an amateur MfTm of Yredelemnul (D:4)
  A bullfrog (D:6)
  3 crimson imps
  Crazy Yiuf (D:2)
  A jelly (D:5)
  2 hounds
  3 orc wizards
  A centaur skeleton (D:5)
  Natasha (thrice) (D:4)
  A worker ant (D:4)
  3 adders
  An adder zombie (D:6)
  3 worms
  2 dart slugs (D:1)
  3 leopard geckos
  11 orcs
  3 ball pythons
  4 bats
  3 giant cockroaches
  4 goblins
  7 hobgoblins
  10 jackals
  3 kobolds
  A frilled lizard (D:3)
  5 rats
87 creatures vanquished.

Notes
Turn   | Place    | Note
-------+----------+-------------------------------------------
     0 | D:1      | RaHiT the Vampire Assassin began the quest for the Orb.
     0 | D:1      | Reached XP level 1. HP: 16/16 MP: 1/1
    61 | D:1      | Reached skill level 6 in Stealth
    76 | D:1      | Reached XP level 2. HP: 12/22 MP: 2/2
   792 | D:2      | Reached XP level 3. HP: 25/27 MP: 3/3
  1088 | D:2      | Found a runed door.
  1094 | D:2      | Noticed Crazy Yiuf
  1098 | D:2      | Killed Crazy Yiuf
  1269 | D:3      | Reached XP level 4. HP: 33/33 MP: 4/4
  1277 | D:3      | Reached skill level 7 in Stealth
  1682 | D:3      | Noticed a centaur
  1686 | D:3      | Killed a centaur
  1686 | D:3      | Reached XP level 5. HP: 38/38 MP: 5/5
  2153 | D:4      | Reached skill level 8 in Stealth
  2175 | D:4      | Found Plog's Magic Scroll Shoppe.
  2181 | D:4      | Bought 2 scrolls of identify for 40 gold pieces
  2181 | D:4      | Bought a scroll of identify for 20 gold pieces
  2181 | D:4      | Bought a scroll of identify for 20 gold pieces
  2327 | D:4      | Reached XP level 6. HP: 38/44 MP: 6/6
  2412 | D:4      | Noticed mhilhors's ghost (amateur MfTm)
  2415 | D:4      | Found Rets's Assorted Antiques.
  2430 | D:4      | Killed mhilhors's ghost
  2569 | D:4      | Found Souxkiub's Weapon Shoppe.
  2598 | D:4      | Found Bemy's Food Shop.
  2599 | D:4      | Found Kimeut's Jewellery Shop.
  2702 | D:4      | Reached skill level 9 in Stealth
  2952 | D:4      | Noticed Natasha
  2957 | D:4      | Killed Natasha
  3035 | D:4      | Noticed Natasha
  3046 | D:4      | Killed Natasha
  3119 | D:4      | Noticed Natasha
  3144 | D:4      | Killed Natasha
  3144 | D:4      | Reached XP level 7. HP: 32/50 MP: 7/7
  3347 | D:5      | Entered Level 5 of the Dungeon
  3416 | D:5      | Got a smoking buckler
  3430 | D:5      | Identified the +3 buckler of Gaenutaj {rF+ Str+2} (You found it on level 5 of the Dungeon)
  3532 | D:5      | Reached skill level 1 in Shields
  3651 | D:5      | Noticed Menkaure
  3656 | D:5      | Killed Menkaure
  3738 | D:5      | Found Lywof's Gadget Shop.
  3777 | D:5      | Found a glowing golden altar of the Shining One.
  3997 | D:5      | Found a sacrificial altar of Ru.
  4630 | D:5      | Reached XP level 8. HP: 39/56 MP: 8/8
  4667 | D:6      | Reached skill level 5 in Shields
  5429 | D:6      | Reached skill level 1 in Evocations
  5501 | D:6      | Slain by an ogre

Skill      XL: |  1  2  3  4  5  6  7  8 |
---------------+-------------------------+-----
Stealth        | 6 7 8 9 |  9.9
Fighting       | 2 |  2.0
Throwing       | 2 3 |  3.0
Dodging        | 2 3 4 |  4.1
Short Blades   | 3 4 |  4.6
Shields        | 4 5 |  5.1
Evocations     | 1 |  1.2

Action                   |  1- 3 |  4- 6 |  7- 9 || total
-------------------------+-------+-------+-------++-------
Melee: Dagger            |    66 |   126 |   203 ||   395
       Bite              |     2 |    16 |    24 ||    42
       Quarterstaff      |       |    26 |       ||    26
 Fire: Blowgun           |       |     9 |    14 ||    23
 Abil: End Transformatio |       |       |     3 ||     3
       Bat Form          |       |       |     3 ||     3
Evoke: Wand              |       |     1 |     1 ||     2
  Use: Potion            |     7 |     2 |     8 ||    17
       Scroll            |     5 |     6 |     4 ||    15
 Stab: Sleeping          |    10 |     6 |     3 ||    19
Armor: Robe              |    11 |    19 |    26 ||    56
Dodge: Dodged            |    29 |    68 |    71 ||   168
Block: Buckler           |       |       |    54 ||    54
